 Dungeon Crawl Stone Soup version 0.30-a0-381-g6ea064c7b4 (webtiles) character file.

Game seed: 17170352498853799733

22779 vineage the Warrior (level 13, -7/157 HPs)
             Began as an Ogre Fighter on Nov 30, 2022.
             Was an Elder of Okawaru.
             Mangled by a minotaur
             ... wielding a +8 glaive of distortion
              (14 damage)
             ... in a Gauntlet on Dec 1, 2022.
             The game lasted 00:17:12 (9458 turns).

vineage the Warrior (Ogre Fighter)                  Turns: 9458, Time: 00:17:13

Health: -7/157     AC:  7    Str: 27    XL:     13   Next: 2%
Magic:  13/13      EV: 18    Int:  9    God:    Okawaru [****..]
Gold:   1437       SH:  0    Dex: 14    Spells: 12/12 levels left

rFire   . . .      SeeInvis .    t - +0 giant club
rCold   . . .      Faith    .    (shield currently unavailable)
rNeg    . . .      Spirit   .    C - +0 steam dragon scales
rPois   +          Reflect  .    (helmet restricted)
rElec   +          Harm     .    A - +0 cloak
rCorr   .          Rampage  .    (gloves unavailable)
Will    +....      NoTele   +    (boots unavailable)
Stlth   +.........               e - amulet of regeneration
HPRegen 2.06/turn                f - +6 ring of dexterity
MPRegen 0.13/turn                j - +4 ring of evasion

@: mighty, flying
A: large, unfitting armour, tough skin 1, poison resistance, regeneration 1,
electricity resistance
a: Renounce Religion, Heroism, Finesse


You were in a Gauntlet.
You worshipped Okawaru.
Okawaru was greatly pleased with you.
You visited 2 branches of the dungeon, and saw 15 of its levels.
You visited the Abyss 1 time.
You also visited: Ossuary, Bailey and Gauntlet.

You collected 1740 gold pieces.
You spent 303 gold pieces at shops.

Inventory:

Hand Weapons
 a - a +1 flail
 t - a +0 giant club (weapon)
Missiles
 x - 4 throwing nets (quivered)
Armour
 b - a +1 robe
 c - a +0 kite shield
 A - a +0 cloak (worn)
 C - +0 steam dragon scales (worn)
Jewellery
 e - an amulet of regeneration (around neck)
 f - a +6 ring of dexterity (left hand)
 j - a +4 ring of evasion (right hand)
 k - the ring of the Prince of Darkness {Will+ Int+3}
   (You found it in a Gauntlet)

   [ring of willpower]

   Int:       It affects your intelligence (+3).
   Will:      It increases your willpower.
 m - a ring of resist corrosion
 q - a ring of willpower
 J - an amulet of magic regeneration
Wands
 w - a wand of quicksilver (14)
 y - a wand of polymorph (18)
 z - a wand of iceblast (19)
Scrolls
 i - 3 scrolls of teleportation
 l - 2 scrolls of butterflies
 B - 2 scrolls of enchant armour
 D - 2 scrolls of summoning
 E - a scroll of amnesia
 F - a scroll of immolation
 G - a scroll of silence
 H - a scroll of enchant weapon
 I - 3 scrolls of magic mapping
Potions
 g - 3 potions of mutation
 h - 6 potions of curing
 n - 2 potions of cancellation
 o - a potion of heal wounds
 p - 3 potions of lignification
 r - a potion of attraction {unknown}
 s - a potion of ambrosia
 u - 2 potions of brilliance {unknown}
 v - 2 potions of flight


   Skills:
 * Level 17.5 Fighting
 * Level 12.5 Maces & Flails
 + Level 9.2 Dodging
 - Level 3.0 Shields


You had 12 spell levels left.
You didn't know any spells.
Your spell library contained the following spells:

 Spells                   Type           Power      Damage    Failure   Level
 Freeze                   Ice            0%         1d3       38%         1
 Magic Dart               Conj           0%         1d3       38%         1
 Frozen Ramparts          Ice            0%         1d1       77%         3
 Hailstorm                Conj/Ice       0%         3d3       77%         3
 Ignite Poison            Fire/Tmut/Pois 0%         N/A       77%         3
 Kindle Blastsparks       Fire/Tloc/Air  0%         2d10      77%         3
 Mephitic Cloud           Conj/Pois/Air  0%         N/A       77%         3
 Portal Projectile        Hex/Tloc       0%         N/A       77%         3
 Blade Hands              Tmut           0%         N/A       100%        5
 Freezing Cloud           Conj/Ice/Air   0%         6-21      100%        5
 Call Imp                 Summ           Unusable   N/A       N/A         2
 Tukima's Dance           Hex            Unusable   N/A       N/A         3
 Summon Forest            Summ/Tloc      Unusable   N/A       N/A         5
 Summon Mana Viper        Hex/Summ       Unusable   N/A       N/A         5
 Summon Cactus Giant      Summ           Unusable   N/A       N/A         6

Dungeon Overview and Level Annotations

Branches:
Dungeon (14/15)            Temple (1/1) D:6            Lair (0/5) D:10
    Orc (0/2) D:9         Ossuary (visited)          Bailey (visited)
Gauntlet (1/1)
 Vaults: D:13-14

Altars:
Ashenzari
Cheibriados
Dithmenos
Elyvilon
Fedhas
Gozag
Hepliaklqana
Kikubaaqudgha
Makhleb
Nemelex Xobeh
Okawaru
Qazlal
Ru
Sif Muna
Trog
Uskayaw
Vehumet
Wu Jian
Xom
Yredelemnul
Zin
The Shining One

Shops:
D:3 *   D:8 !   D:10 *

Annotations:
Gauntlet 8 transporters


Innate Abilities, Weirdness & Mutations

You are too large for most types of armour.
You have tough skin. (AC +1)
Your system is resistant to poisons. (rPois)
Your natural rate of healing is unusually fast.
You are resistant to electric shocks. (rElec)


Message History

The minotaur throws a silver javelin.
The silver javelin pierces through you! The silver sears you!
There is an open door, spattered with blood here.
The minotaur hits you with a +8 glaive of distortion!!
You are cast into the Abyss!
To return, you must find a gate leading back.
Killing monsters will force the Abyss to allow you passage.
This branch contains the abyssal rune of Zot.
You start resting.
You feel like a meek peon again.
Welcome back, vineage the Ogre Fighter.
Okawaru says: Bring me glory in combat!
Press ? for a list of commands and other information.
Magic restored.
HP restored.
A large abomination materialises.
Found a gateway leading out of the Abyss.
There is a gateway leading out of the Abyss here.
You pass through the gate.
The nature of this place prevents you from teleporting.
Level annotation: 8 transporters You feel very buoyant.
You fly up into the air.
The minotaur throws a silver javelin.
The silver javelin closely misses you.
The minotaur throws a silver javelin.
The silver javelin closely misses you.
The minotaur hits you from afar with a +8 glaive of distortion!!!
Space warps horribly around you!
The minotaur hits you with a +8 glaive of distortion!!
You resist the pull of the Abyss. The minotaur gores you!
You barely miss the minotaur.
The minotaur furiously retaliates!
The minotaur headbutts you!
The minotaur hits you with a +8 glaive of distortion!
The minotaur gores you!
* * * LOW HITPOINT WARNING * * *
You hit the minotaur.
The minotaur is lightly wounded.
The minotaur hits you with a +8 glaive of distortion!!
* * * LOW HITPOINT WARNING * * *
The minotaur gores you!
You die...

##### #8∩8#
#(.[# #8H8#
####[@[####
###8.#8.8#.8###
#....#...#....#
#.#..#8.8#..#.#
#.#..##'##..#.#
#.............#
#.#.##.#.##.#.#
#.#....#....#.#
#.#.#######.#.#


You could see a minotaur.

Vanquished Creatures
  An orc warlord (Bailey)
  Snorg (D:11)
  Harold (D:11)
  2 glowing orange brains (Gauntlet)
  An orc knight (Bailey)
  Pikel (D:9)
  3 ugly things
  A wolf spider (shapeshifter) (Gauntlet)
  Joseph (D:8)
  A gargoyle (D:10)
  An unseen horror (D:10)
  Psyche (D:9)
  A torpor snail (Gauntlet)
  5 trolls
  A wraith (D:7)
  20 yaks
  3 wyverns (D:9)
  2 steam dragons
  Duvessa (D:6)
  An ice beast (D:6)
  An ogre (shapeshifter) (Gauntlet)
  2 black bears
  6 orc warriors
  A sky beast (D:7)
  An ogre (D:5)
  9 centaurs
  A phantom (D:7)
  5 kobold brigands
  2 necrophages
  4 scorpions
  7 wights
  Dowan (D:6)
  9 howler monkeys
  3 jellies (D:6)
  Crazy Yiuf (D:6)
  A gnoll bouda (D:6)
  2 orc priests (D:9)
  3 hounds
  8 orc wizards
  Jessica (D:3)
  2 iguanas (D:5)
  9 mummies
  10 gnolls
  9 adders
  A shadow imp (D:6)
  2 white imps (D:7)
  2 ufetubi
  2 dart slugs
  34 orcs
  2 endoplasms
  4 giant cockroaches
  A gnoll zombie (Ossuary)
  20 goblins
  7 hobgoblins
  10 jackals
  2 quokkas (D:2)
  3 ball pythons
  8 bats
  3 frilled lizards (D:1)
  2 hobgoblin zombies (Ossuary)
  40 kobolds
  3 kobold zombies (Ossuary)
  2 orc zombies (Ossuary)
  7 rats
302 creatures vanquished.

Vanquished Creatures (others)
  A plant (Gauntlet)
1 creature vanquished.

Grand Total: 303 creatures vanquished

Notes
Turn   | Place    | Note
-------+----------+-------------------------------------------
     0 | D:1      | vineage the Ogre Fighter began the quest for the Orb.
     0 | D:1      | Reached XP level 1. HP: 24/24 MP: 1/1
   223 | D:1      | Reached XP level 2. HP: 32/32 MP: 2/2
   276 | D:1      | Found a faded altar of an unknown god.
   387 | D:1      | Reached XP level 3. HP: 39/40 MP: 3/3
  1141 | D:2      | Reached skill level 5 in Fighting
  1345 | D:2      | Reached XP level 4. HP: 50/50 MP: 4/4
  1592 | D:3      | Noticed Jessica
  1598 | D:3      | Killed Jessica
  1626 | D:3      | Found an ornate altar of the Wu Jian Council.
  1654 | D:3      | Reached XP level 5. HP: 57/57 MP: 5/5
  1882 | D:3      | Found Ogeusil's Assorted Antiques.
  2045 | D:3      | Bought a potion of might for 84 gold pieces
  2045 | D:3      | Bought a fizzy red potion for 18 gold pieces
  2045 | D:3      | Bought a scroll labelled FETTUU GACVIU for 21 gold pieces
  2108 | D:4      | Reached skill level 6 in Fighting
  2197 | D:4      | Reached XP level 6. HP: 67/67 MP: 6/6
  2237 | D:4      | Noticed a black bear
  2247 | D:4      | Killed a black bear
  2807 | D:5      | Entered Level 5 of the Dungeon
  2860 | D:5      | Reached skill level 7 in Fighting
  2871 | D:5      | Reached XP level 7. HP: 55/78 MP: 7/7
  2905 | D:5      | Found a sand-covered staircase.
  2912 | Ossuary  | Entered an ossuary
  3310 | D:5      | Reached skill level 8 in Fighting
  3310 | D:5      | Reached skill level 5 in Maces & Flails
  3973 | D:6      | Reached XP level 8. HP: 79/89 MP: 8/8
  4110 | D:6      | Noticed Duvessa
  4110 | D:6      | Noticed Dowan
  4115 | D:6      | Killed Duvessa
  4116 | D:6      | Reached skill level 9 in Fighting
  4125 | D:6      | Killed Dowan
  4217 | D:6      | Found a runed translucent door.
  4218 | D:6      | Noticed Crazy Yiuf
  4315 | D:6      | Found a staircase to the Ecumenical Temple.
  4330 | Temple   | Entered the Ecumenical Temple
  4751 | D:6      | Reached skill level 5 in Dodging
  5220 | D:6      | Found a sacrificial altar of Ru.
  5222 | D:6      | Found a radiant altar of Vehumet.
  5435 | D:6      | Killed Crazy Yiuf
  5560 | D:7      | Reached skill level 10 in Fighting
  5561 | D:7      | Reached XP level 9. HP: 84/101 MP: 9/9
  6150 | D:8      | Reached skill level 11 in Fighting
  6157 | D:8      | Noticed Joseph
  6167 | D:8      | Killed Joseph
  6542 | D:8      | Found Maul's Distillery.
  6547 | D:8      | Bought a potion of might for 60 gold pieces
  6547 | D:8      | Bought a potion of mutation for 120 gold pieces
  6769 | D:8      | Gained mutation: Your system is resistant to poisons.
                  | (rPois) [potion of mutation]
  6769 | D:8      | Gained mutation: Your natural rate of healing is unusually
                  | fast. [potion of mutation]
  6769 | D:8      | Gained mutation: You are resistant to electric shocks.
                  | (rElec) [potion of mutation]
  6793 | D:8      | Reached skill level 12 in Fighting
  6793 | D:8      | Reached XP level 10. HP: 111/115 MP: 10/10
  6877 | D:9      | Found a glowing golden altar of the Shining One.
  6888 | D:9      | Noticed Psyche
  6901 | D:9      | Killed Psyche
  6919 | D:9      | Noticed Pikel
  6932 | D:9      | Killed Pikel
  6933 | D:9      | Reached skill level 13 in Fighting
  6997 | D:9      | Found a white marble altar of Elyvilon.
  7080 | D:9      | Found a broken altar of Ashenzari.
  7199 | D:9      | Found a staircase to the Orcish Mines.
  7242 | D:9      | Found a flagged portal.
  7251 | Bailey   | Entered a bailey
  7256 | Bailey   | Noticed an orc warlord
  7311 | Bailey   | Noticed an orc knight
  7356 | Bailey   | Found a runed translucent gate.
  7357 | Bailey   | Found a runed translucent gate.
  7369 | Bailey   | Found a runed translucent gate.
  7391 | Bailey   | Killed an orc knight
  7459 | Bailey   | Identified a scroll of acquirement
  7459 | Bailey   | Acquired 870 gold pieces
  7574 | Bailey   | Killed an orc warlord
  7575 | Bailey   | Reached skill level 14 in Fighting
  7575 | Bailey   | Reached XP level 11. HP: 109/130 MP: 11/11
  7627 | Bailey   | Reached skill level 15 in Fighting
  7627 | Bailey   | Reached XP level 12. HP: 144/144 MP: 12/12
  7744 | D:10     | Entered Level 10 of the Dungeon
  7843 | D:10     | Found a staircase to the Lair.
  7850 | D:10     | Found an iron altar of Okawaru.
  7870 | D:10     | Became a worshipper of Warmaster Okawaru
  7915 | D:10     | Found a glowing silver altar of Zin.
  7915 | D:10     | Noticed an angel
  8112 | D:10     | Found Apro's General Store.
  8132 | D:10     | Reached skill level 16 in Fighting
  8226 | D:10     | Reached * piety under Okawaru
  8559 | D:11     | Noticed Harold
  8570 | D:11     | Killed Harold
  8570 | D:11     | Reached ** piety under Okawaru
  8591 | D:11     | Noticed Snorg
  8704 | D:11     | Killed Snorg
  8825 | D:11     | You fall into a shaft and drop 3 floors!
  8863 | D:13     | Noticed a centaur warrior
  8961 | D:12     | Reached *** piety under Okawaru
  8996 | D:12     | Found a gate leading to a gauntlet.
  9031 | Gauntlet | Entered a Gauntlet
  9031 | Gauntlet | Noticed a catoblepas
  9031 | Gauntlet | Found a transporter.
  9031 | Gauntlet | Found a transporter.
  9037 | Gauntlet | Found a transporter.
  9054 | Gauntlet | Found a transporter.
  9067 | Gauntlet | Found a transporter.
  9067 | Gauntlet | Found a transporter.
  9069 | Gauntlet | Found a transporter.
  9069 | Gauntlet | Found a transporter.
  9070 | Gauntlet | Found a transporter.
  9081 | Gauntlet | Found a transporter.
  9097 | Gauntlet | Found a transporter.
  9106 | Gauntlet | Noticed a hell hog
  9107 | Gauntlet | Found a transporter.
  9121 | Gauntlet | Found a transporter.
  9155 | Gauntlet | Found a transporter.
  9203 | Gauntlet | Reached skill level 17 in Fighting
  9357 | Gauntlet | Reached XP level 13. HP: 110/157 MP: 13/13
  9358 | Gauntlet | Reached **** piety under Okawaru
  9367 | Gauntlet | Identified the ring of the Prince of Darkness {Will+ Int+3}
  9404 | Gauntlet | Noticed a minotaur
  9408 | Abyss:2  | Cast into level 2 of the Abyss (minotaur)
  9419 | Abyss:2  | Upgraded the game from 0.30-a0-377-g5cb311bc9f to
                  | 0.30-a0-381-g6ea064c7b4
  9452 | Gauntlet | Escaped the Abyss
  9458 | Gauntlet | HP: 7/157 [minotaur/+8 glaive of distortion (31)]
  9458 | Gauntlet | Mangled by a minotaur

Illustrated notes

Levels and vault maps discovered:
D:1:      dpeg_arrival_morbid_curiosity, layout_basic,
          ebering_ecumenical_altar_abandoned, nrook_loot_triangle, st_stairs_6,
          minmay_door_square
D:2:      layout_rooms
D:3:      layout_loops_cross, overflow_temple_1_default, serial_shops,
          nicolae_shop_hallway_plus, uniq_jessica
D:4:      layout_loops_ring
D:5:      layout_basic, gup_ossuary_entry_pyramid
D:6:      layout_loops_corners, chequers_temple_overflow_statue_of_worship,
          minmay_temple_entry_glass, uniq_crazy_yiuf_cottage, uniq_duvessa
D:7:      layout_basic
D:8:      layout_loops_cross, serial_shops, nicolae_shop_crystal, uniq_joseph,
          uniq_maggie
D:9:      layout_rooms, elyvilon_altar_4, old_standard_altar,
          mainiacjoe_overflow_24_doors, orc_0_dummy, enter_bailey_5,
          hangedman_decor_riveting, uniq_pikel, uniq_psyche
D:10:     layout_roguey, okawaru_gym_becter, zin_angel, lair_entry_dummy,
          serial_shops, shop
D:11:     layout_loops_ring, hellmonk_ghost_happy_afterlife, serial_aquarium,
          aquarium_bridge_island_small [aquarium_subvault_small_open,
          aquarium_subvault_wall, aquarium_subvault_bridge,
          aquarium_subvault_wall, aquarium_subvault_bridge],
          aquarium_bridge_square [aquarium_subvault_balcony,
          aquarium_subvault_bridge, aquarium_subvault_wall,
          aquarium_subvault_wall], aquarium_window_3, aquarium_window_corner,
          aquarium_window_fake, aquarium_view_2c, aquarium_view_2g,
          grunt_ministairs_7, minmay_misc_feat_tower,
          nemelex_lonely_heart_becter, uniq_harold, uniq_snorg
D:12:     layout_roguey, gauntlet_entry_generic, minmay_crystal_box
D:13:     layout_roguey [special_room_bee], enter_trove_5,
          nicolae_figureground_sparkle
D:14:     layout_long_grid, david_vaults_1, xom_redecorated,
          portal_ice_cave_entry_ugly_swarm
Temple:   nicolae_temple_two_arcs
Gauntlet: gammafunk_gauntlet_mixed_choke_point [minmay_gauntlet_arena_77_mirror,
          minmay_gauntlet_arena_77_two_paths,
          minmay_gauntlet_arena_77_block_sizes,
          gammafunk_gauntlet_arena_chambers, minmay_gauntlet_arena_77_box,
          minmay_gauntlet_arena_77_two_lines, minmay_gauntlet_arena_77_braids,
          nicolae_gauntlet_exit_dead_adventurers]

Skill      XL: |  1  2  3  4  5  6  7  8  9 10 11 12 |
---------------+-------------------------------------+-----
Maces & Flails | 2 3 4 5 6 8 9 11 12 | 12.5
Dodging        | 3 4 5 6 7 8 9 |  9.2
Fighting       | 5 6 7 8 10 12 14 15 17 | 17.5
Shields        | |  3.0

Action                   |  1- 3 |  4- 6 |  7- 9 | 10-12 | 13-15 || total
-------------------------+-------+-------+-------+-------+-------++-------
Melee: Flail             |   109 |   132 |    86 |       |       ||   327
       Giant club        |       |       |   237 |   391 |     4 ||   632
Invok: Heroism           |       |       |       |     3 |     1 ||     4
  Use: Scroll            |     3 |    11 |     5 |     7 |       ||    26
       Potion            |       |     2 |     1 |    11 |     2 ||    16
 Stab: Sleeping          |     2 |     2 |     2 |       |       ||     6
       Invisible         |       |       |       |     4 |       ||     4
Armor: Robe              |    40 |    40 |    54 |       |       ||   134
       Steam dragon scal |       |       |    21 |   127 |       ||   148
       Skin              |       |       |       |     1 |       ||     1
Dodge: Dodged            |    60 |   103 |   281 |   478 |     3 ||   925
Block: Kite shield       |    54 |    85 |    21 |       |       ||   160

Table legend: (Time is in decaauts)
 A = Elapsed time spent in this place.
 B = Non-inter-level travel time spent in this place.
 C = Inter-level travel time spent in this place.
 D = Time resting spent in this place.
 E = Time spent auto-exploring this place.
 F = Levels seen in this place.
 G = Mean time per level.
                   A        B        C        D        E       F      G
               +--------+--------+--------+--------+--------+-----+--------+
         Total |   9683 |   9059 |    624 |    486 |   6215 |  19 |  509.6 |
       Dungeon |   8442 |   7876 |    566 |    404 |   5734 |  14 |  603.0 |
        Temple |    114 |     56 |     58 |      0 |     50 |   1 |  114.0 |
         Abyss |     43 |     43 |      0 |      0 |      0 |   1 |   43.0 |
       Ossuary |    301 |    301 |      0 |      0 |    130 |   1 |  301.0 |
        Bailey |    399 |    399 |      0 |     10 |    145 |   1 |  399.0 |
      Gauntlet |    382 |    382 |      0 |     72 |    155 |   1 |  382.0 |
               +--------+--------+--------+--------+--------+-----+--------+

Top non-repeatable levels by time:
     D:6: 1515 daAuts
     D:1: 1063 daAuts
    D:10: 842 daAuts
     D:5: 839 daAuts
     D:4: 762 daAuts
     D:8: 734 daAuts
     D:3: 670 daAuts
     D:7: 613 daAuts
     D:9: 555 daAuts
  Bailey: 399 daAuts
     D:2: 398 daAuts
Gauntlet: 382 daAuts
 Ossuary: 301 daAuts
    D:11: 244 daAuts
  Temple: 114 daAuts
